SNL (28 & UNDER)
MEMPHIS BLUES @ WICHITA WRANGLERS
08/09/2024
 
TOP OF THE 1ST
Memphis Blues batting - Pitching for Wichita Wranglers : LHP Anthony Erickson
Pitching: LHP Anthony Erickson
Batting: RHB Jorge Domínguez 0-0: Foul Ball, location: 2F
0-1: Ground out 5-3 (Groundball, 56S)
Batting: RHB Dave O'Neill 0-0: Called Strike
0-1: Called Strike
0-2: Strikes out swinging
Batting: LHB Arturo Rivera 0-0: Swinging Strike
0-1: Ball
1-1: Ball
2-1: Foul Ball, location: 2F
2-2: Ball
3-2: Strikes out swinging
Top of the 1st over - 0 run(s), 0 hit(s), 0 error(s), 0 left on base; Memphis 0 - Wichita 0
BOTTOM OF THE 1ST
Wichita Wranglers batting - Pitching for Memphis Blues : RHP Francisco Arellano
Pitching: RHP Francisco Arellano
Batting: SHB Martín Medina 0-0: Bunted foul
0-1: Ball
1-1: Fly out, F8 (Flyball, 8LXD)
Now in CF: José Cabral
Batting: LHB Eric Peterson 0-0: Called Strike
0-1: Ground out 5-3 (Groundball, 56S)
Batting: RHB Bob Hall 0-0: Called Strike
0-1: Foul Ball, location: 2F
0-2: Ball
1-2: Ball
2-2: Foul Ball, location: 2F
2-2: Ball
3-2: Foul Ball, location: 2F
3-2: Ground out 6-3 (Groundball, 6M)
Bottom of the 1st over - 0 run(s), 0 hit(s), 0 error(s), 0 left on base; Memphis 0 - Wichita 0
TOP OF THE 2ND
Memphis Blues batting - Pitching for Wichita Wranglers : LHP Anthony Erickson
Batting: RHB Bob Orr 0-0: Called Strike
0-1: Called Strike
0-2: Ball
1-2: Foul Ball, location: 2F
1-2: Ball
2-2: Ball
3-2: Foul Ball, location: 2F
3-2: Base on Balls
Batting: RHB Sadao Kato 0-0: Ball
1-0: SINGLE (Line Drive, 89S)
Bob Orr to second
Batting: RHB Glenn Johnson 0-0: Ball
1-0: Ball
2-0: Ball
3-0: Swinging Strike
3-1: Swinging Strike
3-2: Base on Balls
Bob Orr to third
Sadao Kato to second
Batting: LHB Ken Nelson 0-0: Ball
1-0: SINGLE (Groundball, 34D)
Bob Orr scores
Sadao Kato to third
Glenn Johnson to second
Batting: LHB Mark Folger 0-0: Ball
1-0: Called Strike
1-1: Fly out, F8 (Flyball, 8RXD)
Runner from 3rd tags up, SCORES, no throw
Glenn Johnson to third
Batting: RHB Dale O'Feennaghty 0-0: Called Strike
0-1: SINGLE (Flyball, 4MD)
Glenn Johnson scores
Ken Nelson to second
Runner from 2nd tries for 3rd, SAFE, throw made to third
Batting: RHB Jorge Domínguez 0-0: Grounds into double play, 6-4-3 (Groundball, 6)
Top of the 2nd over - 3 run(s), 3 hit(s), 0 error(s), 1 left on base; Memphis 3 - Wichita 0
BOTTOM OF THE 2ND
Wichita Wranglers batting - Pitching for Memphis Blues : RHP Francisco Arellano
Batting: RHB Tom Howe 0-0: Called Strike
0-1: Ball
1-1: Called Strike
1-2: Ball
2-2: Strikes out swinging
Batting: RHB Desi Thompson 0-0: Fly out, F9 (Flyball, 9M)
Batting: RHB Javier Coronado 0-0: Foul Ball, location: 2F
0-1: Called Strike
0-2: Ball
1-2: Ball
2-2: Foul Ball, location: 2F
2-2: SINGLE (Line Drive, 9LS)
Batting: SHB Javier Peña 0-0: Ball
1-0: Called Strike
1-1: Ball
2-1: Called Strike
2-2: Foul Ball, location: 2F
2-2: Strikes out swinging
Bottom of the 2nd over - 0 run(s), 1 hit(s), 0 error(s), 1 left on base; Memphis 3 - Wichita 0
TOP OF THE 3RD
Memphis Blues batting - Pitching for Wichita Wranglers : LHP Anthony Erickson
Batting: RHB José Cabral 0-0: Ball
1-0: Fly out, F3 (Popup, 3L)
Batting: LHB Arturo Rivera 0-0: Ball
1-0: Foul Ball, location: 2F
1-1: Fly out, F8 (Flyball, 8LXD)
Batting: RHB Bob Orr 0-0: Called Strike
0-1: Ball
1-1: Ball
2-1: Ball
3-1: Called Strike
3-2: Strikes out swinging
Top of the 3rd over - 0 run(s), 0 hit(s), 0 error(s), 0 left on base; Memphis 3 - Wichita 0
BOTTOM OF THE 3RD
Wichita Wranglers batting - Pitching for Memphis Blues : RHP Francisco Arellano
Batting: RHB Dave Henderson 0-0: Called Strike
0-1: Ball
1-1: Called Strike
1-2: Ball
2-2: Foul Ball, location: 2F
2-2: Foul Ball, location: 2F
2-2: Strikes out swinging
Batting: RHB Don Thomas 0-0: Ground out 6-3 (Groundball, 6M)
Batting: SHB Martín Medina 0-0: Foul Ball, location: 2F
0-1: Ball
1-1: Ground out 6-3 (Groundball, 6M)
Bottom of the 3rd over - 0 run(s), 0 hit(s), 0 error(s), 0 left on base; Memphis 3 - Wichita 0
TOP OF THE 4TH
Memphis Blues batting - Pitching for Wichita Wranglers : LHP Anthony Erickson
Batting: RHB Sadao Kato 0-0: Called Strike
0-1: Fly out, F8 (Flyball, 8LD)
Batting: RHB Glenn Johnson 0-0: Ball
1-0: Ball
2-0: Ball
3-0: Base on Balls
Batting: LHB Ken Nelson 0-0: Ball
1-0: Called Strike
1-1: Called Strike
1-2: Strikes out looking
Batting: LHB Mark Folger 0-0: SINGLE (Groundball, 4)
Glenn Johnson to second
Runner from 2nd tries for 3rd, SAFE, no throw or cutoff
Batting: RHB Dale O'Feennaghty 0-0: Ball
1-0: Ball
2-0: Swinging Strike
2-1: Swinging Strike
2-2: Strikes out looking
Top of the 4th over - 0 run(s), 1 hit(s), 0 error(s), 2 left on base; Memphis 3 - Wichita 0
BOTTOM OF THE 4TH
Wichita Wranglers batting - Pitching for Memphis Blues : RHP Francisco Arellano
Batting: LHB Eric Peterson 0-0: Ball
1-0: Ground out 5-3 (Groundball, 56)
Batting: RHB Bob Hall 0-0: Ball
1-0: Ball
2-0: Called Strike
2-1: Ball
3-1: Fly out, F8 (Flyball, 8LS)
Batting: RHB Tom Howe 0-0: Ball
1-0: Called Strike
1-1: Fly out, F4 (Popup, 3DF)
Bottom of the 4th over - 0 run(s), 0 hit(s), 0 error(s), 0 left on base; Memphis 3 - Wichita 0
TOP OF THE 5TH
Memphis Blues batting - Pitching for Wichita Wranglers : LHP Anthony Erickson
Batting: RHB Jorge Domínguez 0-0: Ball
1-0: Ground out 1-3 (Groundball, 15S)
Batting: RHB José Cabral 0-0: Foul Ball, location: 2F
0-1: Swinging Strike
0-2: Strikes out looking
Batting: LHB Arturo Rivera 0-0: Foul Ball, location: 2F
0-1: SINGLE (Flyball, 7S)
Batting: RHB Bob Orr 0-0: Ball
1-0: Ball
2-0: Called Strike
2-1: SINGLE (Line Drive, 6MD)
Arturo Rivera to second
Runner from 2nd tries for 3rd, SAFE, throw made to third
Batting: RHB Sadao Kato 0-0: Called Strike
0-1: Foul Ball, location: 2F
0-2: Fielders Choice at 2nd, U6 (Groundball, 6M)
Top of the 5th over - 0 run(s), 2 hit(s), 0 error(s), 2 left on base; Memphis 3 - Wichita 0
BOTTOM OF THE 5TH
Wichita Wranglers batting - Pitching for Memphis Blues : RHP Francisco Arellano
Batting: RHB Desi Thompson 0-0: Called Strike
0-1: Foul Ball, location: 2F
0-2: Ball
1-2: Strikes out swinging
Batting: RHB Javier Coronado 0-0: Fly out, F4 (Popup, 3D)
Batting: SHB Javier Peña 0-0: Ball
1-0: Ball
2-0: Ball
3-0: Called Strike
3-1: Called Strike
3-2: SINGLE (Line Drive, 6MD)
Batting: RHB Dave Henderson 0-0: Called Strike
0-1: Called Strike
0-2: Foul Ball, location: 2F
0-2: Ball
Javier Peña steals 2nd base
1-2: Foul Ball, location: 2F
1-2: Foul Ball, location: 2F
1-2: Foul Ball, location: 2F
1-2: Ball
2-2: Foul Ball, location: 2F
2-2: Ball
3-2: Foul Ball, location: 2F
3-2: Strikes out swinging
Bottom of the 5th over - 0 run(s), 1 hit(s), 0 error(s), 1 left on base; Memphis 3 - Wichita 0
TOP OF THE 6TH
Memphis Blues batting - Pitching for Wichita Wranglers : LHP Anthony Erickson
Batting: RHB Glenn Johnson 0-0: Ball
1-0: Called Strike
1-1: Called Strike
1-2: Foul Ball, location: 2F
1-2: Strikes out swinging
Batting: LHB Ken Nelson 0-0: Ball
1-0: Fly out, F6 (Popup, 5DF)
Batting: LHB Mark Folger 0-0: Ball
1-0: SINGLE (Line Drive, 9S)
Batting: RHB Dale O'Feennaghty 0-0: Ball
1-0: Ball
Mark Folger is caught stealing 2nd base
Top of the 6th over - 0 run(s), 1 hit(s), 0 error(s), 0 left on base; Memphis 3 - Wichita 0
BOTTOM OF THE 6TH
Wichita Wranglers batting - Pitching for Memphis Blues : RHP Francisco Arellano
Batting: RHB Don Thomas 0-0: Ball
1-0: Ball
2-0: Called Strike
2-1: Swinging Strike
2-2: Fly out, F9 (Flyball, 89S)
Batting: SHB Martín Medina 0-0: Ball
1-0: Ball
2-0: Called Strike
2-1: Foul Ball, location: 2F
2-2: Ball
3-2: Foul Ball, location: 2F
3-2: Foul Ball, location: 2F
3-2: Base on Balls
Pitching: RHP David Bates
Batting: LHB Eric Peterson 0-0: Ball
Martín Medina steals 2nd base
1-0: Ground out 6-3 (Groundball, 6)
Martín Medina to third
Batting: RHB Bob Hall 0-0: Ball
1-0: Ball
2-0: Called Strike
2-1: Ball
3-1: Base on Balls
Batting: RHB Tom Howe 0-0: Called Strike
0-1: Ball
1-1: Foul Ball, location: 2F
1-2: Foul Ball, location: 2F
1-2: Strikes out looking
Bottom of the 6th over - 0 run(s), 0 hit(s), 0 error(s), 2 left on base; Memphis 3 - Wichita 0
TOP OF THE 7TH
Memphis Blues batting - Pitching for Wichita Wranglers : LHP Anthony Erickson
Pitching: LHP John Livingston
Batting: RHB Dale O'Feennaghty 0-0: Called Strike
0-1: Ball
1-1: Swinging Strike
1-2: Strikes out swinging
Batting: RHB Jorge Domínguez 0-0: Ball
1-0: Foul Ball, location: 2F
1-1: Ground out 6-3 (Groundball, 6)
Batting: RHB José Cabral 0-0: Called Strike
0-1: Ball
1-1: Ball
2-1: Swinging Strike
2-2: Strikes out swinging
Top of the 7th over - 0 run(s), 0 hit(s), 0 error(s), 0 left on base; Memphis 3 - Wichita 0
BOTTOM OF THE 7TH
Wichita Wranglers batting - Pitching for Memphis Blues : RHP David Bates
Batting: RHB Desi Thompson 0-0: DOUBLE (Line Drive, 78S)
Batting: RHB Javier Coronado 0-0: Ground out 4-3 (Groundball, 4M)
Desi Thompson to third
Batting: SHB Javier Peña 0-0: Called Strike
0-1: Ball
1-1: SINGLE (Line Drive, 6D)
Desi Thompson scores
Batting: RHB Dave Henderson 0-0: Called Strike
Javier Peña is caught stealing 2nd base
0-1: Ball
1-1: Foul Ball, location: 2F
1-2: SINGLE (Popup, 6MD)
Batting: RHB Don Thomas 0-0: Ball
Dave Henderson is caught stealing 2nd base
Bottom of the 7th over - 1 run(s), 3 hit(s), 0 error(s), 0 left on base; Memphis 3 - Wichita 1
TOP OF THE 8TH
Memphis Blues batting - Pitching for Wichita Wranglers : LHP John Livingston
Batting: LHB Arturo Rivera 0-0: Ball
1-0: SINGLE (Groundball, 4MD)
Batting: RHB Bob Orr 0-0: Ball
1-0: Ball
2-0: Called Strike
2-1: Called Strike
2-2: Foul Ball, location: 2F
2-2: Strikes out swinging
Arturo Rivera steals 2nd base
Batter strikes out.
Batting: RHB Sadao Kato 0-0: Intentional Walk
Batting: RHB Glenn Johnson 0-0: Ball
1-0: Ball
2-0: Foul Ball, location: 2F
2-1: Ball
3-1: Fly out, F9 (Flyball, 9M)
Pinch Hitting: RHB Dave Wookey 0-0: Foul Ball, location: 2F
0-1: Foul Ball, location: 2F
0-2: Ball
Wild Pitch!
Arturo Rivera to third
Sadao Kato to second
1-2: SINGLE (Groundball, 15S) (infield hit)
Arturo Rivera scores
Sadao Kato to third
Batting: LHB Mark Folger 0-0: Foul Ball, location: 2F
0-1: Ball
1-1: Fly out, F5 (Popup, 56S)
Top of the 8th over - 1 run(s), 2 hit(s), 0 error(s), 2 left on base; Memphis 4 - Wichita 1
BOTTOM OF THE 8TH
Wichita Wranglers batting - Pitching for Memphis Blues : RHP David Bates
Now at 2B: Glenn Melican
Now in LF: Dave Wookey
Batting: RHB Don Thomas 0-0: Ball
1-0: Called Strike
1-1: Ball
2-1: Swinging Strike
2-2: Strikes out swinging
Pitching: RHP Jerry Poole
Batting: SHB Martín Medina 0-0: Ball
1-0: SOLO HOME RUN (Flyball, 8RXD), Distance : 425 ft
Batting: LHB Eric Peterson 0-0: Ball
1-0: Ball
2-0: Hit by Pitch
Batting: RHB Bob Hall 0-0: Called Strike
0-1: Called Strike
0-2: Ball
1-2: Strikes out swinging
Batting: RHB Tom Howe 0-0: Ball
1-0: Foul Ball, location: 2F
1-1: Called Strike
1-2: Strikes out swinging
Bottom of the 8th over - 1 run(s), 1 hit(s), 0 error(s), 1 left on base; Memphis 4 - Wichita 2
TOP OF THE 9TH
Memphis Blues batting - Pitching for Wichita Wranglers : LHP John Livingston
Batting: RHB Dale O'Feennaghty 0-0: Ball
1-0: Ball
2-0: Ball
3-0: Called Strike
3-1: Ground out 4-3 (Groundball, 13)
Batting: RHB Jorge Domínguez 0-0: Ball
1-0: Foul Ball, location: 2F
1-1: Foul Ball, location: 2F
1-2: Ground out 1-3 (Groundball, 15)
Batting: RHB José Cabral 0-0: Ball
1-0: Called Strike
1-1: Foul Ball, location: 2F
1-2: Ball
2-2: Ball
3-2: Foul Ball, location: 2F
3-2: Strikes out swinging
Top of the 9th over - 0 run(s), 0 hit(s), 0 error(s), 0 left on base; Memphis 4 - Wichita 2
BOTTOM OF THE 9TH
Wichita Wranglers batting - Pitching for Memphis Blues : RHP Jerry Poole
Pitching: RHP Tim Lyons
Now at 3B: Leopoldo Horgan
Now at SS: Lorenzo Mota
Batting: RHB Desi Thompson 0-0: Called Strike
0-1: Called Strike
0-2: Ball
1-2: Ball
2-2: Foul Ball, location: 2F
2-2: Ball
3-2: Base on Balls
Pinch Hitting: RHB Norberto Taváres 0-0: Ball
1-0: Grounds into double play, 1-6-3 (Groundball, 13)
Batting: SHB Javier Peña Error on foul ball, E9
0-1: Ball
1-1: Ball
2-1: Foul Ball, location: 2F
2-2: Strikes out swinging
Bottom of the 9th over - 0 run(s), 0 hit(s), 1 error(s), 0 left on base; Memphis 4 - Wichita 2
This league is powered by Out of the Park Baseball, the baseball management simulation game for PC, Mac and Linux
Saturday, April 9th, 2016 - OOTP Baseball 16.8 Build 38